 Dungeon Crawl Stone Soup version 0.31-a0-986-g5e6e4ef867 (webtiles) character file.

Game seed: 8582915539135372661

320 wildpjah the Slasher (level 6, -3/47 HPs)
             Began as a Merfolk Gladiator on Nov 16, 2023.
             Was an Initiate of Wu Jian.
             Slain by a black bear (10 damage)
             ... on level 4 of the Dungeon.
             The game lasted 00:07:01 (2775 turns).

wildpjah the Slasher (Merfolk Gladiator)            Turns: 2775, Time: 00:07:01

Health: -3/47      AC:  6    Str: 15    XL:     6   Next: 46%
Magic:  6/6        EV: 14    Int:  7    God:    Wu Jian [......]
Gold:   62         SH:  0    Dex: 17    Spells: 5/5 levels left

rFire   . . .        C - +0 falchion (elec)
rCold   . . .        (no shield)
rNeg    . . .        b - +0 leather armour
rPois   .            c - +0 helmet
rElec   .            t - +0 cloak
rCorr   .            p - +0 pair of gloves
SInv    .            (no boots)
Will    .....        (no amulet)
Stlth   ++           (no ring)
HPRegen 0.27/turn    (no ring)
MPRegen 0.10/turn

%: no passive effects
@: no status effects
A: (nimble swimmer 2), mertail
a: Renounce Religion


You were on level 4 of the Dungeon.
You worshipped Wu Jian.
Wu Jian was noncommittal.
You visited 1 branch of the dungeon, and saw 4 of its levels.

You collected 166 gold pieces.
You spent 104 gold pieces at shops.

Inventory:

Hand Weapons
 a - a +0 long sword
 C - a +0 falchion of electrocution (weapon)
Missiles
 d - 3 throwing nets
 e - 3 javelins (quivered)
Armour
 b - a +0 leather armour (worn)
 c - a +0 helmet (worn)
 m - a scarf of resistance
 p - a +0 pair of gloves (worn)
 t - a +0 cloak (worn)
Jewellery
 k - a ring of protection from cold
 y - a +6 ring of dexterity
Wands
 z - a wand of iceblast (14)
Scrolls
 f - 2 scrolls of fear {unknown}
 g - a scroll of blinking {unknown}
 o - a scroll of noise {unknown}
 s - a scroll of revelation {unknown}
 v - 2 scrolls of teleportation {unknown}
 w - 2 scrolls of identify {unknown}
 x - a scroll of fog {unknown}
 A - a scroll of acquirement {unknown}
Potions
 h - 2 potions of brilliance {unknown}
 i - a potion of mutation {unknown}
 j - a potion of berserk rage {unknown}
 l - a potion of degeneration {unknown}
 n - 2 potions of curing {unknown}
 q - a potion of haste {unknown}
 r - a potion of might {unknown}
 u - a potion of magic {unknown}
 B - a potion of attraction {unknown}


   Skills:
 + Level 3.1 Fighting
 + Level 6.5 Long Blades
 + Level 2.0 Throwing
 + Level 1.5 Armour
 + Level 5.1 Dodging
 + Level 1.8 Stealth


You had 5 spell levels left.
You didn't know any spells.
Your spell library contained the following spells:

 Spells                   Type           Power      Damage    Failure   Level
 Slow                     Hex            0%         N/A       50%         1
 Lesser Beckoning         Tloc           0%         N/A       65%         2
 Sublimation of Blood     Necr           0%         N/A       65%         2
 Wereblood                Tmut           0%         N/A       65%         2
 Confusing Touch          Hex            0%         N/A       86%         3
 Gell's Gravitas          Tloc           0%         N/A       86%         3
 Ozocubu's Armour         Ice            0%         N/A       86%         3
 Sigil of Binding         Hex            0%         N/A       86%         3
 Teleport Other           Tloc           0%         N/A       86%         3
 Vampiric Draining        Necr           0%         2d6       86%         3
 Ozocubu's Refrigeration  Ice            0%         4d7       100%        7
 Summon Hydra             Summ           0%         N/A       100%        7


Dungeon Overview and Level Annotations

Branches:
Dungeon (4/15)
 Temple: D:4-7

Altars:
Uskayaw
Wu Jian

Shops:
D:4 (*

Annotations:
D:4 Grinder


Innate Abilities, Weirdness & Mutations

((You are very nimble when in or above water. (Stealth+, EV+, Speed+++)))
Your lower body shifts to a powerful aquatic tail in water.


Message History

Grinder gestures at you. You resist with significant effort.
You closely miss the black bear.
The black bear is lightly wounded.
The black bear bites you. The black bear misses you.
The black bear claws you but does no damage.
Grinder gestures at you.
You barely resist. You hit the black bear.
The black bear is moderately wounded.
The black bear barely misses you. The black bear claws you.
The black bear closely misses you.
Unknown command.
You slash the black bear!
The black bear is severely wounded.
The black bear completely misses you. x2
The black bear claws you but does no damage.
You hit the black bear.
The black bear is severely wounded.
The black bear goes berserk!
Grinder closely misses you.
You hit the black bear.
The black bear is severely wounded.
The black bear bites you! The black bear misses you.
The black bear barely misses you.
Grinder says, "At least Makhleb appreciates what I'm doing."
Grinder hits you.
You writhe in agony.
The black bear bites you. The black bear closely misses you.
The black bear misses you.
You hit the black bear.
The black bear is almost dead.
The black bear bites you. The black bear barely misses you.
The black bear claws you.
* * * LOW HITPOINT WARNING * * *
Grinder hits you.
* * * LOW HITPOINT WARNING * * *
You writhe in agony.
* * * LOW HITPOINT WARNING * * *
You closely miss the black bear.
The black bear is almost dead.
The black bear bites you!
You die...

#.# #.....# #. #.#
#.....# #. #.#
#.....# ######.
#.#
#...[.###......
#.#
##.............
#.# #.######......
#.#
#####..#####......
#.#
#.h........#......
#####.#
#@#.#++#.#.#......
#.....# #5#......#
#...... ###+##..#
#.#P.h...P.#......
##.'∩'.#.#
#.......PP.#......
#<.#+#...#
#.#.P)...#.#####..
####...###
#.#..P...P. #..
##### #.#....5P#.
##.. #.PP##P.##
#..) #.. .. #...


You could see Grinder and a black bear (berserk).

Vanquished Creatures
  An ice beast (D:4)
  An ogre (D:4)
  A hound (D:4)
  4 adders
  2 worms
  3 orcs
  6 ball pythons
  11 endoplasms
  7 giant cockroaches
  4 goblins
  3 hobgoblins
  3 jackals (D:4)
  3 quokkas
  7 bats
  4 frilled lizards (D:1)
  7 kobolds
  3 rats (D:1)
70 creatures vanquished.

Notes
Turn   | Place    | Note
-------+----------+-------------------------------------------
     0 | D:1      | wildpjah the Merfolk Gladiator began the quest for the Orb.
     0 | D:1      | Reached XP level 1. HP: 16/16 MP: 1/1
    90 | D:1      | Reached XP level 2. HP: 19/22 MP: 2/2
   164 | D:1      | Reached skill level 4 in Long Blades
   456 | D:1      | Reached XP level 3. HP: 24/27 MP: 3/3
   875 | D:2      | Found a faded altar of an unknown god.
  1359 | D:3      | Reached XP level 4. HP: 34/34 MP: 4/4
  1415 | D:3      | Reached skill level 5 in Long Blades
  1647 | D:3      | Found a hide-covered altar of Uskayaw.
  1653 | D:3      | Found an ornate altar of the Wu Jian Council.
  1985 | D:3      | Became a worshipper of the Wu Jian Council
  2020 | D:4      | Noticed an ice beast
  2031 | D:4      | Killed an ice beast
  2032 | D:4      | Reached skill level 1 in Armour
  2032 | D:4      | Reached skill level 5 in Dodging
  2032 | D:4      | Reached skill level 1 in Stealth
  2032 | D:4      | Reached XP level 5. HP: 40/40 MP: 5/5
  2122 | D:4      | Noticed an ogre
  2135 | D:4      | Killed an ogre
  2136 | D:4      | Reached skill level 6 in Long Blades
  2136 | D:4      | Reached XP level 6. HP: 46/47 MP: 6/6
  2151 | D:4      | Found Ifoogg's Assorted Antiques.
  2496 | D:4      | Found the +9 sword of Zonguldrok {reap}
  2719 | D:4      | Found Egoin's Weapon Shoppe.
  2722 | D:4      | Bought a +0 falchion of electrocution for 104 gold pieces
  2760 | D:4      | Noticed a black bear
  2761 | D:4      | Noticed Grinder
  2775 | D:4      | Slain by a black bear

Illustrated notes

Levels and vault maps discovered:
D:1:      nicolae_arrival_washed_ashore, layout_basic,
          nicolae_concentric_dashed_squares_wild, nicolae_the_louvre
D:2:      layout_rooms, dreamdust_ecumenical_altar_grove
D:3:      layout_loops_ring, chequers_temple_overflow_statue_of_worship
D:4:      cheibrodos_old_hovel, layout_basic, serial_shops,
          nicolae_shop_gibbet_a_chance, nicolae_shop_behind_doors,
          nicolae_shop_back_alley_shop, uniq_grinder, uniq_blork_the_orc

Skill      XL: |  1  2  3  4  5 |
---------------+----------------+-----
Long Blades    | 4 5 6 |  6.5
Armour         | 1 |  1.5
Dodging        | 5 |  5.1
Stealth        | 1 |  1.8
Fighting       | 3 |  3.1
Throwing       | |  2.0

Action                     |  1- 3 |  4- 6 || total
---------------------------+-------+-------++-------
  Melee: Long sword        |   157 |   108 ||   265
         Falchion          |       |     9 ||     9
         Punch             |       |     3 ||     3
  Throw: Javelin           |       |     1 ||     1
Ability: Lunge             |       |     4 ||     4
   Stab: Sleeping          |       |     3 ||     3
 Armour: Leather armour    |    94 |    62 ||   156
  Dodge: Dodged            |   131 |    93 ||   224

Table legend: (Time is in decaauts)
 A = Elapsed time spent in this place.
 B = Non-inter-level travel time spent in this place.
 C = Inter-level travel time spent in this place.
 D = Time resting spent in this place.
 E = Time spent auto-exploring this place.
 F = Levels seen in this place.
 G = Mean time per level.
                   A        B        C        D        E       F      G
               +--------+--------+--------+--------+--------+-----+--------+
         Total |   2815 |   2760 |     55 |      0 |   2128 |   4 |  703.8 |
       Dungeon |   2815 |   2760 |     55 |      0 |   2128 |   4 |  703.8 |
               +--------+--------+--------+--------+--------+-----+--------+

Top non-repeatable levels by time:
     D:4: 781 daAuts
     D:3: 748 daAuts
     D:1: 678 daAuts
     D:2: 607 daAuts
